 Dungeon Crawl Stone Soup version 0.26.1-11-gd32895ea62 (webtiles) character file.

Game seed: 8177875383084612650

54 Almogavar the Ducker (level 3, -3/28 HPs)
             Began as a Gnoll Wanderer on May 5, 2021.
             Slain by Sigmund
             ... wielding a +4 scythe of venom
              (9 damage)
             ... on level 2 of the Dungeon.
             The game lasted 00:02:58 (1708 turns).

Almogavar the Ducker (Gnoll Wanderer)               Turns: 1708, Time: 00:02:58

Health: -3/28      AC:  9    Str: 15    XL:     3   Next: 91%
Magic:  1/1        EV: 12    Int: 10    God:
Gold:   81         SH:  0    Dex: 18    Spells: 4/4 levels left

rFire    . . .     SeeInvis .   h - +2 whip (antimagic)
rCold    . . .     Faith    .   (no shield)
rNeg     . . .     Spirit   .   c - +2 scale mail
rPois    .         Reflect  .   (no helmet)
rElec    .         Harm     .   (no cloak)
rCorr    .         Rampage  .   (no gloves)
Will     .....                  (no boots)
Stlth    +.........             (no amulet)
HPRegen  0.09/turn              g - ring of wizardry
MPRegen  0.07/turn              (no ring)

@: lethally poisoned (-3 -> -17)
A: distributed training, fangs 1, strong nose
a: no special abilities


You were on level 2 of the Dungeon.
You visited 1 branch of the dungeon, and saw 2 of its levels.

You collected 81 gold pieces.

Inventory:

Hand Weapons
 a - a +0 dagger
 h - a +2 antimagic whip (weapon)
Armour
 c - a +2 scale mail (worn)
Jewellery
 g - a ring of wizardry (left hand)
Scrolls
 d - 4 scrolls of fog {unknown}
 e - a scroll of teleportation
 i - a scroll of remove curse {unknown}
Potions
 b - a potion of curing
 f - a potion of flight


   Skills:
 + Level 2.6 Fighting
 + Level 1.0 Short Blades
 + Level 1.0 Long Blades
 + Level 1.0 Axes
 + Level 2.6 Maces & Flails
 + Level 4.6 Polearms
 + Level 1.0 Staves
 + Level 1.0 Slings
 + Level 1.0 Bows
 + Level 1.0 Crossbows
 + Level 2.6 Throwing
 + Level 4.6 Armour
 + Level 4.6 Dodging
 + Level 2.4 Stealth
 + Level 1.0 Shields
 + Level 1.0 Unarmed Combat
 + Level 1.0 Spellcasting
 + Level 0.7 Conjurations
 + Level 0.7 Hexes
 + Level 0.7 Summonings
 + Level 0.7 Necromancy
 + Level 0.7 Translocations
 + Level 0.7 Transmutations
 + Level 0.7 Fire Magic
 + Level 0.7 Ice Magic
 + Level 0.7 Air Magic
 + Level 0.7 Earth Magic
 + Level 0.7 Poison Magic
 + Level 1.0 Invocations
 + Level 1.0 Evocations


You had 4 spell levels left.
You didn't know any spells.
Your spell library was empty.

Dungeon Overview and Level Annotations

Branches:
Dungeon (2/15)

Altars:

Annotations:
D:2 Sigmund


Innate Abilities, Weirdness & Mutations

Your experience applies equally to all skills.
You have very sharp teeth.
Your uncanny sense of smell can sniff out nearby items.


Message History

No target in view!
No target in view!
You hit something but do no damage.
You hear some strange, mumbled words.
You are confused.
You miss something. You bite something. Something hits you!
You are poisoned.
You feel sick. Something hits you but does no damage.
You are lethally poisoned!
You feel better. Something hits you but does no damage.
You are poisoned.
You barely miss something.
You feel sick.
You hit something. Your bite misses something. Something hits you!
* * * LOW HITPOINT WARNING * * *
You are lethally poisoned!
You hit something. Your bite misses something.
* * * LOW HITPOINT WARNING * * *
You feel sick. Something hits you!
You die...

####.....## ###.#.###
#....###..######...#...#
#.##.........†...#####.#
.......########....#...#
#..###.# #.##.#.###
#......## #.##...#
......... #.#...##
.###.##.. #.#.#.# .....#
. #.@...# .##.#...
###{### .# #.# #.### ..
#...# .# ###.# ## #.#
#.# #.# ∆ #.#


There were no monsters in sight!

Vanquished Creatures
  An adder (D:2)
  An ooze (D:2)
  A leopard gecko (D:1)
  A ball python (D:2)
  3 bats (D:1)
  A giant cockroach (D:2)
  4 goblins
  6 hobgoblins
  2 jackals (D:1)
  A quokka (D:2)
  4 frilled lizards
  7 kobolds
  7 rats
39 creatures vanquished.

Vanquished Creatures (others)
  7 toadstools (D:2)
7 creatures vanquished.

Grand Total: 46 creatures vanquished

Notes
Turn   | Place    | Note
-------+----------+-------------------------------------------
     0 | D:1      | Almogavar the Gnoll Wanderer began the quest for the Orb.
     0 | D:1      | Almogavar set off with the following items: a +0 dagger, 2
                  | potions of curing, a +2 scale mail
     0 | D:1      | Reached XP level 1. HP: 17/17 MP: 1/1
   242 | D:1      | Reached XP level 2. HP: 23/23 MP: 2/2
  1037 | D:1      | Reached XP level 3. HP: 28/28 MP: 1/3
  1400 | D:2      | Reached skill level 1 in Invocations
  1595 | D:2      | Reached skill level 1 in Short Blades
  1595 | D:2      | Reached skill level 1 in Long Blades
  1595 | D:2      | Reached skill level 1 in Axes
  1595 | D:2      | Reached skill level 1 in Staves
  1595 | D:2      | Reached skill level 1 in Slings
  1595 | D:2      | Reached skill level 1 in Bows
  1595 | D:2      | Reached skill level 1 in Crossbows
  1595 | D:2      | Reached skill level 1 in Shields
  1595 | D:2      | Reached skill level 1 in Unarmed Combat
  1595 | D:2      | Reached skill level 1 in Spellcasting
  1595 | D:2      | Reached skill level 1 in Evocations
  1685 | D:2      | Noticed Sigmund
  1708 | D:2      | Slain by Sigmund

Illustrated notes

Levels and vault maps discovered:
D:1:      lightli_arrival_boilingwater, layout_basic, minmay_pentomino_o4
D:2:      cheibrodos_fertilizer, layout_loops_cross, grunt_ministairs_9,
          minmay_misc_feat_columns, uniq_sigmund

Skill      XL: |  1  2  3 |
---------------+----------+-----
Invocations    | 1 |  1.0
Short Blades   | 1 |  1.0
Long Blades    | 1 |  1.0
Axes           | 1 |  1.0
Staves         | 1 |  1.0
Slings         | 1 |  1.0
Bows           | 1 |  1.0
Crossbows      | 1 |  1.0
Shields        | 1 |  1.0
Unarmed Combat | 1 |  1.0
Spellcasting   | 1 |  1.0
Evocations     | 1 |  1.0
Fighting       | |  2.6
Maces & Flails | |  2.6
Polearms       | |  4.6
Throwing       | |  2.6
Armour         | |  4.6
Dodging        | |  4.6
Stealth        | |  2.4
Conjurations   | |  0.7
Hexes          | |  0.7
Summonings     | |  0.7
Necromancy     | |  0.7
Translocations | |  0.7
Transmutations | |  0.7
Fire Magic     | |  0.7
Ice Magic      | |  0.7
Air Magic      | |  0.7
Earth Magic    | |  0.7
Poison Magic   | |  0.7

Action                   || total
-------------------------++-------
Melee: Dagger            ||    82
       Bite              ||    19
       Whip              ||    75
  Use: Scroll            ||     2
       Potion            ||     1
Armor: Scale mail        ||    79
Dodge: Dodged            ||   128
